 Dungeon Crawl Stone Soup version 0.19-a0-1631-gd09ab47 (webtiles) character file.

41153 MackTheKnife the Swashbuckler (level 14, -4/94 HPs)
             Began as a Kobold Wanderer on Sept 18, 2016.
             Was a High Priest of Trog.
             Splashed by an oklob plant's acid (18 damage)
             ... on level 5 of the Lair of Beasts on Sept 19, 2016.
             The game lasted 00:49:50 (23096 turns).

MackTheKnife the Swashbuckler (Kobold Wanderer)    Turns: 23096, Time: 00:49:50

Health: -4/94      AC: 13    Str: 13    XL:     14   Next: 48%
Magic:  5/5        EV: 19    Int:  7    God:    Trog [*****.]
Gold:   1228       SH:  0    Dex: 17    Spells: 0 memorised, 17 levels left

rFire  + . .     SeeInvis .     a - +9 quick blade (antimagic)
rCold  . . .     Gourm    .     n - +2 scale mail
rNeg   . . .     Faith    +     (shield restricted)
rPois  +         Spirit   .     I - +0 helmet
rElec  .         Dismiss  .     C - +0 cloak
rCorr  .         Reflect  .     h - +0 pair of gloves
MR     +++..     Harm     .     e - +2 pair of boots
Stlth  ++........               d - amulet of faith {Faith, !P}
                                y - ring "Ojuiji Xots" {rPois MR++ Int-5}
                                F - ring of protection from fire {rF+, !d}

@: corroded
A: carnivore 3
a: Berserk, Trog's Hand, Brothers in Arms, Burn Spellbooks, Renounce Religion


You were on level 5 of the Lair of Beasts.
You worshipped Trog.
Trog was extremely pleased with you.
You were completely stuffed.

You visited 3 branches of the dungeon, and saw 17 of its levels.
You also visited: Ossuary.

You collected 1228 gold pieces.

Inventory:

Hand Weapons
 a - a +9 antimagic quick blade (weapon)
   (Trog gifted it to you on level 9 of the Dungeon)
 b - a +1 blowgun
   (You took it off a kobold on level 3 of the Dungeon)
 M - a +4 quick blade
   (Trog gifted it to you on level 5 of the Lair of Beasts)
Missiles
 m - 61 poisoned needles
Armour
 e - a +2 pair of boots (worn)
   (You found it on level 5 of the Dungeon)
 h - a +0 pair of gloves (worn)
   (You found it on level 3 of the Dungeon)
 n - a +2 scale mail (worn)
 C - a +0 cloak (worn)
   (You found it on level 4 of the Lair of Beasts)
 I - a +0 helmet (worn)
   (You found it on level 10 of the Dungeon)
Jewellery
 d - an amulet of faith (around neck) {Faith, !P}
   (You found it on level 2 of the Dungeon)
 y - the ring "Ojuiji Xots" (right hand) {rPois MR++ Int-5}
   (You found it on level 6 of the Dungeon)

   [ring of poison resistance]

   It affects your intelligence (-5).
   It protects you from poison.
   It affects your resistance to hostile enchantments.
 F - a ring of protection from fire (left hand) {rF+, !d}
   (You found it on level 7 of the Dungeon)
Wands
 H - a wand of paralysis (16/24)
   (You found it on level 8 of the Dungeon)
 J - a wand of lightning (11/15)
   (You found it on level 8 of the Dungeon)
 N - a wand of polymorph (8/24)
   (You found it on level 2 of the Lair of Beasts)
 O - a wand of iceblast (8/15)
   (You found it on level 3 of the Lair of Beasts)
 T - a wand of random effects (27/48)
   (You found it on level 6 of the Lair of Beasts)
Scrolls
 g - 7 scrolls of recharging
 j - 4 scrolls of teleportation
 k - 7 scrolls of remove curse
 v - 5 scrolls of blinking {!r}
 w - 3 scrolls of immolation {!r}
 z - 2 scrolls of magic mapping {!r}
 A - 9 scrolls of identify
 E - 2 scrolls of silence
 L - 2 scrolls of enchant armour
 Q - a scroll of summoning
 S - a scroll of fog
Potions
 c - 2 potions of heal wounds
 l - a potion of cure mutation {!q}
 o - a potion of magic
 p - 2 potions of flight
 q - a potion of cancellation
 s - 2 potions of ambrosia
 t - 2 potions of berserk rage {!q}
 u - 10 potions of curing
 x - 3 potions of invisibility
 P - a potion of agility
Books
 B - a book of Frost
   (You found it on level 6 of the Dungeon)
 G - a book of Maledictions
   (You found it on level 7 of the Dungeon)
 K - a book of Minor Magic
   (You found it on level 10 of the Dungeon)
Comestibles
 f - 8 meat rations {@e2}
 i - 9 beef jerkies
 r - 3 slices of pizza


   Skills:
 - Level 13.5 Fighting
 - Level 15.2 Short Blades
   Level 8.9 Maces & Flails
 - Level 7.3 Armour
 - Level 12.0 Dodging
 + Level 4.2 Stealth
 - Level 2.3 Spellcasting
   Level 2.0 Transmutations
   Level 1.0 Ice Magic


You had 17 spell levels left.
You didn't know any spells.

Dungeon Overview and Level Annotations

Branches:
Dungeon (10/15)            Temple (1/1) D:5            Lair (6/6) D:9
 Shoals (0/4) Lair:3        Snake (0/4) Lair:2        Slime (0/5) Lair:6
    Orc: D:9-12

Altars:
Ashenzari
Cheibriados
Dithmenos
Elyvilon
Fedhas
Gozag
Hepliaklqana
Kikubaaqudgha
Makhleb
Nemelex Xobeh
Okawaru
Qazlal
Ru
Sif Muna
Trog
Uskayaw
Vehumet
Xom
Yredelemnul
Zin
The Shining One
Jiyva

Shops:
D:9 *

Annotations:
D:4 exclusion: Dowan
Lair:3 hive, need dig/dis
Lair:4 exclusion: hydra
Lair:5 exclusion: oklob plant


Innate Abilities, Weirdness & Mutations

You are small and have problems with some larger weapons.
You are carnivorous and can eat meat at any time.


Message History

Your deep troll disappears in a puff of smoke!
Unknown command.
Health restored: 94 You start waiting.
All of the chunks of flesh in your inventory have rotted away.
A catoblepas comes into view.
Unknown command.
Unknown command.
Unknown command.
The catoblepas bellows!
The catoblepas breathes a plume of calcifying dust at you.
The blast of calcifying dust hits you!
You are engulfed in calcifying dust.
The catoblepas gores you but does no damage.
The catoblepas breathes a plume of calcifying dust at you.
The blast of calcifying dust hits you!
The catoblepas breathes a plume of calcifying dust at you.
The blast of calcifying dust hits you!
The blast of calcifying dust hits the fungus.
You hit the catoblepas.
You are engulfed in calcifying dust.
You are slowing down.
The fungus is engulfed in calcifying dust.
Unknown command.
The fungus is engulfed in calcifying dust.
The fungus turns to stone!
The catoblepas gores you! x2
Your limbs are stiffening.
You take 16 damage, and have 78/94 hp.
You hit the catoblepas but do no damage.
The fungus is engulfed in calcifying dust.
You hit the catoblepas but do no damage.
The fungus is engulfed in calcifying dust.
The catoblepas barely misses you.
You hit the catoblepas but do no damage.
The fungus is engulfed in calcifying dust.
You have turned to stone.
The catoblepas gores you!
The catoblepas gores you but does no damage.
The catoblepas gores you! The catoblepas gores you!!
The catoblepas gores you but does no damage.
The catoblepas gores you!
The catoblepas breathes a plume of calcifying dust at you.
The blast of calcifying dust hits you!
You are engulfed in calcifying dust.
The catoblepas breathes a plume of calcifying dust at you.
The blast of calcifying dust hits you!
You are engulfed in calcifying dust.
The catoblepas gores you but does no damage.
You turn to flesh and can move again.
You take 25 damage, and have 54/94 hp.
MASSIVE DAMAGE!!
You hit the catoblepas.
You are engulfed in calcifying dust.
You are slowing down.
The fungus is no longer petrified.
The catoblepas breathes a plume of calcifying dust at you.
The blast of calcifying dust hits you! The catoblepas gores you!
Your limbs are stiffening.
You take 13 damage, and have 41/94 hp.
The catoblepas closely misses you.
You have turned to stone.
The catoblepas gores you!
The catoblepas breathes a plume of calcifying dust at you.
The blast of calcifying dust hits you!
You are engulfed in calcifying dust.
The catoblepas breathes a plume of calcifying dust at you.
The blast of calcifying dust hits you!
You are engulfed in calcifying dust.
The catoblepas gores you.
You are engulfed in calcifying dust.
The catoblepas completely misses you.
The catoblepas breathes a plume of calcifying dust at you.
The blast of calcifying dust hits you!
You are engulfed in calcifying dust.
The catoblepas gores you but does no damage.
You are engulfed in calcifying dust.
The catoblepas gores you!
You are engulfed in calcifying dust.
The catoblepas gores you!
* * * LOW HITPOINT WARNING * * *
You turn to flesh and can move again.
You take 16 damage, and have 25/94 hp.
Unknown command.
As you read the scroll of fear, it crumbles to dust.
You assume a fearsome visage.
The catoblepas looks frightened!
Unknown command.
The catoblepas seems to regain its courage.
There is a stone staircase leading up here.
You climb upwards.
Level annotation: exclusion: oklob plant The oklob plant spits acid at you.
The splash of acid hits you! The acid corrodes you!
You are splashed with acid!
The acid burns!
* * * LOW HITPOINT WARNING * * *
The oklob plant spits acid at you. The splash of acid hits you!
* * * LOW HITPOINT WARNING * * *
The acid corrodes you!
You are splashed with acid!
The acid burns!
You die...

.................................
.................................
...................>.............
.................................
.................................
......................#.P........
#...#..#P....##.........#........
#....###P.....#.......#.#......#.
..............#.@........+.......
.....#......<##.........#.......#
....##........#.........##.......
.....###P....#.....#...###.......
#....#.##P.#..P.......###........
............$.........###.......#
...................P.............
..................P_P............
##..#.#.#..#....P#.P.....#.#.....


You could see an oklob plant.

Vanquished Creatures
  Gastronok (Lair:2)
  Kirke (Lair:5)
  Harold (Lair:2)
  Erica (Lair:1)
  3 death yaks
  2 hill giants (D:10)
  Pikel (D:7)
  A siren (Lair:3)
  5 elephants (Lair:2)
  4 black mambas
  Joseph (D:7)
  7 spiny frogs
  A torpor snail (Lair:5)
  3 komodo dragons
  2 rime drakes (Lair:5)
  2 trolls (D:10)
  A two-headed ogre (D:9)
  Grinder (D:5)
  Prince Ribbit (Lair:2)
  3 merfolk (Lair:3)
  13 dream sheep
  9 blink frogs
  6 hippogriffs
  Sigmund (D:3)
  4 wyverns
  20 yaks
  6 hogs (Lair:5)
  A hungry ghost (D:9)
  A basilisk (Lair:5)
  28 water moccasins
  Duvessa (D:4)
  10 porcupines
  An orc warrior (D:4)
  A sky beast (D:9)
  2 ice beasts
  3 slaves (D:7)
  2 wasps (D:9)
  3 phantoms
  16 wolves
  2 ogres (D:10)
  A centaur (D:6)
  An elf zombie (Ossuary)
  6 crocodiles
  Blork the orc (D:5)
  A big kobold (D:9)
  8 bullfrogs
  A water moccasin skeleton (D:6)
  Dowan (D:4)
  4 scorpions
  52 killer bees
  5 howler monkeys
  3 wights (D:10)
  7 crimson imps
  2 bullfrog zombies
  A centaur zombie (Ossuary)
  A bullfrog skeleton (D:7)
  8 hounds
  9 orc priests
  15 orc wizards
  A human zombie (Ossuary)
  3 iron imps (D:3)
  4 iguanas
  8 worker ants
  2 big kobold zombies (Ossuary)
  2 hound zombies
  3 mummies (Ossuary)
  2 worker ant zombies (D:9)
  3 gnolls (D:10)
  A howler monkey skeleton (D:6)
  35 river rats
  12 adders
  3 shadow imps
  A white imp (D:7)
  An ooze (D:2)
  6 adder zombies
  2 worms (D:3)
  An adder skeleton (D:4)
  2 dart slugs
  A leopard gecko (D:8)
  42 orcs
  A ball python (Lair:2)
  11 bats
  4 giant cockroaches
  12 goblins
  13 hobgoblins
  10 jackals
  14 kobolds
  5 quokkas
  6 frilled lizards
  2 gnoll zombies (Ossuary)
  4 goblin zombies (Ossuary)
  2 hobgoblin zombies (Ossuary)
  4 jackal zombies
  3 kobold zombies (Ossuary)
  3 quokka zombies (Ossuary)
  10 rats
  3 rat zombies (Ossuary)
541 creatures vanquished.

Vanquished Creatures (collateral kills)
  6 death yaks
  A yak (Lair:6)
  A crocodile (Lair:2)
  2 killer bees (Lair:3)
10 creatures vanquished.

Vanquished Creatures (others)
  A human (Lair:5)
  3 plants
4 creatures vanquished.

Grand Total: 555 creatures vanquished

Notes
Turn   | Place    | Note
-------+----------+-------------------------------------------
     0 | D:1      | MackTheKnife the Kobold Wanderer began the quest for the Orb.
     0 | D:1      | MackTheKnife set off with: a +2 scale mail, the Collected Works on Lightness, the Papyrus of Companions, a +0 dagger, a meat ration {@e2}
     0 | D:1      | Reached XP level 1. HP: 12/12 MP: 3/3
     0 | D:1      | Identified the Collected Works on Lightness
     0 | D:1      | Identified the Papyrus of Companions
    65 | D:1      | Reached skill level 3 in Stealth
   245 | D:1      | Reached skill level 1 in Short Blades
   245 | D:1      | Reached XP level 2. HP: 16/16 MP: 5/5
   363 | D:1      | Reached skill level 2 in Short Blades
   690 | D:1      | Reached XP level 3. HP: 14/20 MP: 6/6
   982 | D:1      | Reached skill level 3 in Short Blades
  1229 | D:2      | Found a blossoming altar of Fedhas.
  1280 | D:2      | Found a shadowy altar of Dithmenos.
  1865 | D:2      | HP: 3/20 [orc/club (3)]
  1878 | D:2      | HP: 2/20 [frilled lizard (1)]
  1880 | D:2      | Reached XP level 4. HP: 2/25 MP: 7/7
  1912 | D:1      | HP: 4/25 [bat (1)]
  2196 | D:2      | Found a bloodstained altar of Trog.
  2228 | D:2      | Became a worshipper of Trog the Wrathful
  2405 | D:2      | Found an opulent altar of Gozag.
  2412 | D:2      | Reached skill level 4 in Short Blades
  2651 | D:2      | Found a basalt altar of Yredelemnul.
  2778 | D:2      | Found a glowing silver altar of Zin.
  3215 | D:3      | Reached * piety under Trog
  3388 | D:3      | Reached skill level 5 in Short Blades
  3500 | D:3      | Reached XP level 5. HP: 22/29 MP: 8/8
  3763 | D:3      | Reached skill level 6 in Short Blades
  3866 | D:3      | HP: 6/29 [orc priest/divine providence (14)]
  3922 | D:3      | Noticed Sigmund
  3925 | D:3      | Found a burning altar of Makhleb.
  3929 | D:3      | Reached XP level 6. HP: 16/34 MP: 9/9
  3931 | D:3      | Reached skill level 7 in Short Blades
  4647 | D:3      | Killed Sigmund
  4647 | D:3      | Reached skill level 9 in Short Blades
  4647 | D:3      | Reached XP level 7. HP: 38/38 MP: 10/10
  4780 | D:3      | Reached ** piety under Trog
  5018 | D:4      | Reached skill level 1 in Dodging
  5077 | D:4      | Noticed Duvessa
  5077 | D:4      | Noticed Dowan
  5172 | D:4      | Reached skill level 2 in Fighting
  5222 | D:4      | Found a sand-covered staircase.
  5235 | Ossuary  | Entered an ossuary
  5321 | Ossuary  | Reached skill level 2 in Dodging
  5768 | Ossuary  | Reached *** piety under Trog
  5801 | Ossuary  | Reached skill level 3 in Fighting
  5801 | Ossuary  | Reached skill level 3 in Dodging
  5801 | Ossuary  | Reached XP level 8. HP: 46/46 MP: 11/11
  6294 | D:4      | Killed Dowan
  6294 | D:4      | Reached skill level 4 in Fighting
  6294 | D:4      | Reached skill level 4 in Dodging
  6297 | D:4      | Killed Duvessa
  6825 | D:4      | Reached skill level 5 in Dodging
  7189 | D:5      | Entered Level 5 of the Dungeon
  7189 | D:5      | Noticed Blork the orc
  7213 | D:4      | Reached skill level 5 in Fighting
  7839 | D:5      | Found a staircase to the Ecumenical Temple.
  7843 | Temple   | Entered the Ecumenical Temple
  8031 | D:5      | Reached XP level 9. HP: 55/55 MP: 12/12
  8096 | D:5      | Reached skill level 6 in Fighting
  8101 | D:5      | Reached skill level 10 in Short Blades
  8169 | D:5      | Noticed Grinder
  8184 | D:5      | Killed Grinder
  8588 | D:5      | Reached **** piety under Trog
  8691 | D:5      | Killed Blork the orc
  8691 | D:5      | Reached skill level 7 in Fighting
  8994 | D:6      | Got a translucent tin ring
  9041 | D:6      | Identified the ring "Ojuiji Xots" {rPois MR++ Int-5} (You found it on level 6 of the Dungeon)
  9584 | D:6      | Got an encrusted whip
  9635 | D:6      | Identified the +11 whip of Immorality {holy, *Drain rPois rN++ Stlth+} (You found it on level 6 of the Dungeon)
 10113 | D:7      | Noticed Joseph
 10151 | D:7      | Killed Joseph
 10151 | D:7      | Reached skill level 2 in Maces & Flails
 10151 | D:7      | Reached skill level 6 in Dodging
 10316 | D:7      | Found a stormy altar of Qazlal.
 10318 | D:7      | Found a hazy altar of Hepliaklqana.
 10390 | D:7      | Reached skill level 3 in Maces & Flails
 10390 | D:7      | Reached XP level 10. HP: 41/63 MP: 13/13
 10879 | D:7      | Reached skill level 4 in Maces & Flails
 11268 | D:7      | Noticed Pikel
 11426 | D:7      | Killed Pikel
 11426 | D:7      | Reached skill level 6 in Maces & Flails
 11836 | D:8      | Reached ***** piety under Trog
 12007 | D:8      | Got a transparent chain mail
 12043 | D:8      | Identified the +4 chain mail of the Beginning {Int+3} (You found it on level 8 of the Dungeon)
 12522 | D:9      | Found a staircase to the Lair.
 12550 | D:9      | Reached skill level 7 in Maces & Flails
 12588 | D:9      | HP: 14/63 [yak (3)]
 12592 | D:9      | HP: 2/63 [yak (13)]
 12597 | D:9      | Reached skill level 8 in Maces & Flails
 12741 | D:9      | Reached XP level 11. HP: 67/67 MP: 14/14
 12875 | D:9      | Found Beugegua's Bounteous Boutique.
 13035 | D:9      | Received a gift from Trog
 13053 | D:9      | Reached skill level 8 in Fighting
 13636 | D:10     | Entered Level 10 of the Dungeon
 13710 | D:10     | Reached skill level 9 in Fighting
 13953 | D:10     | Reached skill level 10 in Fighting
 14112 | D:10     | Reached skill level 2 in Armour
 14269 | D:10     | Noticed a hill giant
 14276 | D:10     | Killed a hill giant
 14276 | D:10     | Reached skill level 7 in Dodging
 14385 | D:10     | Noticed a hill giant
 14393 | D:10     | Killed a hill giant
 14500 | D:10     | Reached skill level 3 in Armour
 14675 | Lair:1   | Entered Level 1 of the Lair of Beasts
 14732 | Lair:1   | Reached skill level 8 in Dodging
 14796 | Lair:1   | Received a gift from Trog
 15288 | Lair:1   | Noticed Erica
 15326 | Lair:1   | Killed Erica
 15326 | Lair:1   | Reached skill level 4 in Armour
 15379 | Lair:1   | Reached XP level 12. HP: 77/77 MP: 5/15
 15404 | Lair:1   | Reached skill level 9 in Dodging
 15856 | Lair:2   | Found a staircase to the Snake Pit.
 16047 | Lair:2   | Noticed Gastronok
 16062 | Lair:2   | Killed Gastronok
 16062 | Lair:2   | Reached skill level 5 in Armour
 16062 | Lair:2   | Reached skill level 10 in Dodging
 16351 | Lair:2   | Noticed Prince Ribbit
 16385 | Lair:2   | Killed Prince Ribbit
 16394 | Lair:2   | Reached skill level 6 in Armour
 16467 | Lair:2   | Noticed Harold
 16723 | Lair:2   | Killed Harold
 16723 | Lair:2   | Reached skill level 11 in Dodging
 17378 | Lair:3   | Reached skill level 7 in Armour
 17742 | Lair:3   | Reached XP level 13. HP: 59/82 MP: 5/16
 17788 | Lair:3   | Reached skill level 12 in Dodging
 17794 | Lair:3   | HP: 19/82 [killer bee (2)]
 17799 | Lair:3   | HP: 16/82 [killer bee (4)]
 17808 | Lair:3   | Received a gift from Trog
 18106 | Lair:3   | Reached skill level 11 in Short Blades
 18313 | Lair:3   | Upgraded the game from 0.19-a0-1622-g1bbd97d to 0.19-a0-1631-gd09ab47
 18948 | Lair:3   | Found a staircase to the Shoals.
 18971 | Lair:3   | Reached skill level 11 in Fighting
 18971 | Lair:3   | Reached skill level 12 in Short Blades
 19618 | Lair:4   | Noticed an eight-headed hydra
 19736 | Lair:4   | Reached skill level 13 in Short Blades
 20639 | Lair:4   | Reached skill level 12 in Fighting
 20898 | Lair:5   | Found a shattered altar of Ashenzari.
 21297 | Lair:5   | Reached ****** piety under Trog
 21305 | Lair:5   | Noticed Kirke
 21312 | Lair:5   | Received a gift from Trog
 21320 | Lair:5   | Reached XP level 14. HP: 86/92 MP: 5/17
 21355 | Lair:5   | Killed Kirke
 21355 | Lair:5   | Reached skill level 14 in Short Blades
 21709 | Lair:5   | Reached skill level 13 in Fighting
 22135 | Lair:6   | Entered Level 6 of the Lair of Beasts
 22401 | Lair:6   | Found a viscous altar of Jiyva.
 22401 | Lair:6   | Found a staircase to the Slime Pits.
 22447 | Lair:6   | Reached skill level 15 in Short Blades
 22798 | Lair:6   | Reached skill level 4 in Stealth
 23096 | Lair:5   | HP: 16/94 [acid (13)]
 23096 | Lair:5   | Splashed by an oklob plant's acid

Vault maps used:
D:1:      arrival_zaba_pyramid, minmay_distorted
D:2:      kennysheep_six_static_rooms, fedhas_altar_1, marbit_many_paths,
          bloody_trog, minitemple, nicolae_overflow_crystal_walls,
          guppyfry_early_orc_mine
D:3:      demons_altar, first_bread, uniq_sigmund
D:4:      enter_ossuary_5, feat_on_display, uniq_duvessa
D:5:      corexii_shack_village, uniq_blork_the_orc, uniq_grinder
D:6:      nicolae_benzene_ring
D:7:      kennysheep_mini_moat, basic_altar, minmay_fire_ice_demons,
          uniq_joseph, uniq_pikel
D:9:      lair_0_dummy, grunt_ministairs_2, grunt_ogre_cave,
          nicolae_alphabet_shops
D:10:     minmay_misc_feat_columns
Temple:   dshaligram_water_room_temple
Lair:1:   uniq_erica
Lair:2:   minmay_snake_entry_six_corridors, uniq_prince_ribbit2, uniq_gastronok,
          uniq_harold
Lair:3:   wad_woods_minihive, elwin_shoals_entry_stream, st_stairs_7,
          infiniplex_staircase_pool, serial_bayou_shore_b, lemuel_fruit_tree
Lair:4:   eino_small_chamber_without_monster, grunt_megastairs_3
Lair:5:   serial_bayou_ford_a, lemuel_oklob_altar, serial_bayou_shore_a,
          uniq_kirke
Lair:6:   evil_forest, dpeg_slime_entry_enclosed_altar, nicolae_lair_yak_garden
Ossuary:  minmay_ossuary_two_tombs

Skill      XL: |  1  2  3  4  5  6  7  8  9 10 11 12 13 14 |
---------------+-------------------------------------------+-----
Stealth        | 3 4 |  4.2
Short Blades   | 1 2 3 5 6 9 10 13 15 | 15.2
Dodging        | 3 5 6 8 11 12 | 12.0
Fighting       | 3 5 7 10 12 13 | 13.5
Maces & Flails | 3 8 |  8.9
Armour         | 4 7 |  7.3
Spellcasting   | |  2.3
Transmutations | |  2.0
Ice Magic      | |  1.0

Action                   |  1- 3 |  4- 6 |  7- 9 | 10-12 | 13-15 || total
-------------------------+-------+-------+-------+-------+-------++-------
Melee: Dagger            |   224 |       |   118 |       |       ||   342
       Short sword       |    73 |   204 |   640 |       |       ||   917
       Whip              |       |       |    30 |   264 |       ||   294
       Quick blade       |       |       |       |   750 |  1012 ||  1762
 Fire: Blowgun           |       |     2 |       |       |       ||     2
Throw: Tomahawk          |       |       |     6 |     1 |       ||     7
Invok: Burn Spellbooks   |       |     2 |       |       |       ||     2
       Berserk           |       |     6 |    11 |    11 |     4 ||    32
       Trog's Hand       |       |       |     2 |     6 |     3 ||    11
       Brothers in Arms  |       |       |       |     1 |     4 ||     5
Evoke: Wand              |       |     2 |     7 |       |       ||     9
  Use: Scroll            |     3 |     9 |    10 |    10 |     5 ||    37
       Potion            |       |     3 |       |     1 |     1 ||     5
 Stab: Sleeping          |       |     1 |     1 |     4 |     2 ||     8
       Distracted        |       |       |     1 |       |       ||     1
  Eat: Chunk             |     4 |    14 |    29 |    35 |    25 ||   107
       Royal jelly       |       |       |     1 |       |       ||     1
       Beef jerky        |       |       |     1 |       |       ||     1
       Meat ration       |       |       |     1 |       |       ||     1
       Pizza             |       |       |       |     1 |       ||     1
Armor: Scale mail        |   136 |    81 |   196 |   165 |   164 ||   742
Dodge: Dodged            |   171 |    78 |   275 |   387 |   456 ||  1367

Vault maps used:
D:1:      arrival_zaba_pyramid, minmay_distorted
D:2:      kennysheep_six_static_rooms, fedhas_altar_1, marbit_many_paths,
          bloody_trog, minitemple, nicolae_overflow_crystal_walls,
          guppyfry_early_orc_mine
D:3:      demons_altar, first_bread, uniq_sigmund
D:4:      enter_ossuary_5, feat_on_display, uniq_duvessa
D:5:      corexii_shack_village, uniq_blork_the_orc, uniq_grinder
D:6:      nicolae_benzene_ring
D:7:      kennysheep_mini_moat, basic_altar, minmay_fire_ice_demons,
          uniq_joseph, uniq_pikel
D:9:      lair_0_dummy, grunt_ministairs_2, grunt_ogre_cave,
          nicolae_alphabet_shops
D:10:     minmay_misc_feat_columns
Temple:   dshaligram_water_room_temple
Lair:1:   uniq_erica
Lair:2:   minmay_snake_entry_six_corridors, uniq_prince_ribbit2, uniq_gastronok,
          uniq_harold
Lair:3:   wad_woods_minihive, elwin_shoals_entry_stream, st_stairs_7,
          infiniplex_staircase_pool, serial_bayou_shore_b, lemuel_fruit_tree
Lair:4:   eino_small_chamber_without_monster, grunt_megastairs_3
Lair:5:   serial_bayou_ford_a, lemuel_oklob_altar, serial_bayou_shore_a,
          uniq_kirke
Lair:6:   evil_forest, dpeg_slime_entry_enclosed_altar, nicolae_lair_yak_garden
Ossuary:  minmay_ossuary_two_tombs

Table legend:
 A = Turns spent in this place as a percentage of turns spent in the entire game.
 B = Non-inter-level travel turns spent in this place as a percentage of non-inter-level travel turns spent in the entire game.
 C = Inter-level travel turns spent in this place as a percentage of turns spent in this place.
 D = Turns resting spent in this place as a percentage of non-inter-level travel turns spent in this place.
 E = Turns spent auto-exploring this place as a percentage of non-inter-level travel turns spent in this place.
 F = Non-inter-level travel turns spent in this place divided by the number of levels of this place that you've seen.
                   A       B       C       D       E      F
               +-------+-------+-------+-------+-------+----------------------
         Total | 100.0 | 100.0 |   0.3 |   3.7 |   4.1 | 483.3
       Dungeon |  55.8 |  55.8 |   0.4 |   4.2 |   4.8 | 485.0
        Temple |   0.6 |   0.6 |   1.9 |   0.0 |   0.0 |  52.0
          Lair |  38.2 |  38.3 |   0.2 |   2.8 |   3.7 | 554.8
       Ossuary |   5.4 |   5.4 |   0.0 |   5.3 |   0.0 | 468.0
               +-------+-------+-------+-------+-------+----------------------

Table legend:
 A = Kills in this place as a percentage of kills in entire the game.
 B = Kills by you in this place as a percentage of kills by you in the entire game.
 C = Kills by friends in this place as a percentage of kills by friends in the entire game.
 D = Other kills in this place as a percentage of other kills in the entire game.
 E = Experience gained in this place as a percentage of experience gained in the entire game.
 F = Experience gained in this place divided by the number of levels of this place that you have seen.
                   A       B       C       D       E      F
               +-------+-------+-------+-------+-------+----------------------
         Total | 100.0 | 100.0 | 100.0 |  -nan | 100.0 | 3266.2
       Dungeon |  50.4 |  51.3 |   0.0 |  -nan |  21.8 | 1279.0
          Lair |  43.8 |  42.8 | 100.0 |  -nan |  77.6 | 7607.3
       Ossuary |   5.8 |   5.9 |   0.0 |  -nan |   0.6 | 357.0
               +-------+-------+-------+-------+-------+----------------------
